Map: Terraços Prion

Players

TheZergLord - Winner!

  • Race: Zerg Zerg
  • League: Master

DrunkeNFiSt

  • Race: Terran Terran
  • League: Master

VOD

Have the link to the VOD?

Description

Time

  • Played on: Feb. 18, 2016, 5:19 a.m.
  • Length: 8:44
Show
View Real Time Build Order
Export as new Build Order

TheZergLord Zerg - Winner!

Build Orders: Hatch First, Muta Ling Bane 

Get SALT Encoding   

  12  0:01  Drone  
  13  0:13  Overlord  
  13  0:19  Drone  
  14  0:32  Drone x2  
  16  0:36  Drone  
  17  0:54  Hatchery  
  16  0:57  Drone  
  17  1:09  Spawning Pool  
  16  1:12  Drone  
  16  1:15  Extractor  
  16  1:17  Drone  
  17  1:20  Drone  
  18  1:29  Drone  
  19  1:41  Overlord  
  19  2:01  Zergling x2, Queen  
  21  2:02  Zergling x2  
  21  2:07  Queen  
  21  2:08  Zergling x2  
  26  2:13  Drone  
  27  2:18  Metabolic Boost  
  27  2:21  Drone  
  28  2:31  Drone x2  
  30  2:43  Queen  
  32  2:53  Overlord  
  32  2:55  Drone, Hatchery  
  32  2:58  Drone x2  
  34  2:59  Drone  
  34  3:01  Drone  
  36  3:12  Drone x2  
  38  3:13  Drone  
  38  3:14  Overlord  
  38  3:17  Drone x2  
  38  3:18  Drone  
  42  3:23  Drone x2  
  44  3:31  Overlord  
  44  3:35  Queen x2  
  44  3:39  Overlord  
  48  3:51  Drone x2  
  48  3:52  Drone x6  
  56  4:02  Spine Crawler  
  55  4:14  Queen  
  55  4:15  Zergling x12  
  55  4:16  Zergling x4  
  65  4:17  Lair  
  65  4:27  Overlord x2  
  65  4:34  Overlord  
  65  4:35  Overlord  
  65  4:37  Zergling x2  
  66  4:43  Drone, Baneling Nest  
  66  4:45  Queen  
  68  4:49  Zergling x2  
  68  4:50  Zergling x14  
  76  5:09  Drone  
  76  5:12  Drone  
  78  5:19  Overlord  
  78  5:22  Zergling x12  
  78  5:27  Hatchery  
  82  5:30  Centrifical Hooks  
  82  5:34  Extractor  
  81  5:35  Extractor  
  81  5:36  Extractor  
  81  5:37  Extractor  
  81  5:40  Extractor  
  81  5:41  Baneling  
  81  5:42  Drone x4  
  81  5:43  Drone x7  
  81  5:49  Hatchery  
  87  5:52  Baneling x2  
  87  5:54  Drone x4  
  91  6:04  Drone x3  
  94  6:14  Drone  
  94  6:15  Evolution Chamber  
  94  6:16  Evolution Chamber, Zergling x4  
  94  6:17  Zergling x14  
  102  6:26  Baneling x6  
  102  6:27  Baneling  
  102  6:29  Zergling x6  
  105  6:33  Spire  
  105  6:34  Drone  
  105  6:35  Overlord x3  
  105  6:38  Baneling x2  
  105  6:39  Baneling x3  
  105  6:40  Baneling  
  105  6:44  Baneling  
  105  6:45  Baneling x2  
  105  6:46  Zergling x6  
  105  6:47  Zergling x8  
  110  6:49  Overlord x3  
  86  7:15  Drone x2  
  87  7:16  Queen  
  87  7:18  Drone x2  
  91  7:24  Drone  
  91  7:28  Drone x8  
  91  7:29  Drone x2  
  103  7:30  Drone x6  
  107  7:45  Queen  
  107  7:48  Drone x2, Hatchery  
  107  7:49  Mutalisk x6, Extractor x2  
  107  7:50  Mutalisk  
  122  7:59  Infestation Pit  
  122  8:01  Baneling x3  
  122  8:02  Zergling x4  
  122  8:03  Zergling x14  
  122  8:05  Zergling x4  
  132  8:15  Baneling x9  
  132  8:20  Zergling x6  
  132  8:21  Zergling x8  
  132  8:25  Zergling x4  
  132  8:26  Zergling x16  
Show
View Real Time Build Order
Export as new Build Order

DrunkeNFiSt Terran 

Build Orders: Command Center First (CC), MMM Bio 

Get SALT Encoding   

  12  0:02  SCV  
  13  0:14  SCV  
  14  0:21  Supply Depot  
  14  0:26  SCV  
  15  0:43  SCV  
  16  0:55  SCV  
  17  1:04  Command Center  
  17  1:07  SCV  
  18  1:17  Barracks  
  18  1:19  SCV  
  18  1:23  Refinery  
  19  1:31  SCV  
  20  1:39  Refinery  
  20  1:43  SCV  
  21  1:55  SCV  
  22  2:05  Marine  
  22  2:07  Orbital Command  
  23  2:16  Factory  
  23  2:18  Orbital Command  
  23  2:24  Barracks Reactor  
  23  2:33  Bunker  
  23  2:36  SCV  
  24  2:45  SCV  
  24  2:48  SCV  
  26  2:57  SCV  
  27  3:01  SCV  
  27  3:04  Marine x2  
  30  3:06  Factory Tech Lab  
  30  3:08  Starport  
  30  3:09  SCV  
  31  3:13  SCV  
  32  3:21  SCV  
  32  3:22  Supply Depot, Marine x2  
  32  3:26  SCV  
  36  3:33  SCV  
  37  3:34  Supply Depot  
  37  3:38  SCV  
  38  3:43  Marine x2  
  38  3:44  Siege Tank  
  38  3:45  SCV  
  38  3:47  Medivac  
  46  3:52  Barracks  
  46  3:54  Barracks  
  46  3:56  SCV  
  46  3:57  SCV  
  46  4:01  Marine x2  
  50  4:08  SCV  
  50  4:09  SCV  
  52  4:10  Supply Depot  
  52  4:12  Supply Depot  
  52  4:21  Barracks  
  52  4:22  Marine x2, Barracks  
  52  4:23  Starport Reactor  
  54  4:34  Supply Depot  
  54  4:35  Refinery, SCV  
  54  4:36  SCV  
  54  4:37  Refinery  
  56  4:40  Marine x2  
  58  4:45  Barracks Tech Lab  
  58  4:46  Barracks Tech Lab  
  58  4:48  SCV x2  
  60  4:57  Marine  
  60  4:58  Marine  
  62  5:00  SCV x2  
  62  5:06  Combat Shields, Stimpack  
  59  5:07  Marine x2  
  59  5:10  Supply Depot  
  59  5:13  Barracks Reactor x2  
  61  5:15  Marine x2  
  61  5:20  Supply Depot  
  63  5:23  Siege Tank  
  63  5:24  Medivac  
  63  5:25  Marine x2  
  70  5:33  Marine x2  
  72  5:36  Medivac  
  74  5:42  Marine  
  74  5:43  Marine  
  76  5:51  Marine x3  
  76  5:52  Marine x3  
  76  5:55  Medivac, Siege Tank  
  87  6:00  Marine x2  
  87  6:01  Supply Depot x2  
  89  6:06  Medivac  
  89  6:09  Marine x3  
  94  6:22  Marine x5  
  99  6:25  Supply Depot  
  99  6:26  Supply Depot, Marine  
  99  6:27  Marine x2, Siege Tank  
  105  6:37  Medivac  
  105  6:38  Medivac  
  109  6:40  Marine  
  109  6:47  Marine x7  
  110  6:48  Supply Depot  
  110  6:50  Supply Depot  
  117  6:58  Marine  
  117  6:59  Siege Tank  
  119  7:04  Marine  
  83  7:13  Marine x3  
  82  7:23  Marine  
  82  7:24  Marine x4  
  82  7:25  Medivac x2  
  91  7:31  Marine x3  
  91  7:32  Siege Tank  
  97  7:41  Marine  
  97  7:42  Marine x4  
  102  7:49  Marine x3  
  105  7:55  Medivac  
  107  7:59  Marine  
  107  8:00  Marine x4  
  107  8:04  Siege Tank  
  115  8:07  Marine x3  
  118  8:17  Marine x5  
  123  8:24  Marine x2  
  123  8:25  Marine  
Tags
 
Add a new tag
Caveats
  • Supply blocks, unpowered buildings, or Contaminate may cause inaccurate times.
  • Supply counts are checked every 10 seconds.